AoeStats
← Jarl

African Clearing

510391395Analyzed
4v4 RM · 21h ago on Sep 30, 2026· 53m 5s· 8 players
Game mode
Random Map
Map size
Large (8 player)
Population
200
Speed
Normal
Resources
Standard
Victory
Conquest
Starting age
Dark Age
Ending age
Imperial Age
RankedLock teamsTeams togetherTeam positionsShared explorationLock speedFull tech treeHidden civsTurbo modeCheats
Victory
Defeat
🇨🇱 Lithuanians · Chile
1219
+17
🇻🇳 Magyars · Vietnam
1212
+18
🇸🇪 Dravidians · Sweden
1201
+18
🇻🇳 Cumans · Vietnam
1180
+19
🇬🇧 Lithuanians · United Kingdom
1294
-20
🇬🇧 Vietnamese · United Kingdom
1272
-19
🇩🇪 Mongols · Germany
1259
-18
🇷🇴 Danes · Romania
1162
-15
c7
6:22 Loom
13:32 Feudal Age
19:03 Castle Age
17:24 Double-Bit Axe
19:21 Scale Barding Armor
19:27 Forging
20:27 Chain Barding Armor
20:19 Caravan
27:30 Wheelbarrow
26:40 Town Watch
28:51 Horse Collar
29:47 Bow Saw
31:18 Bloodlines
32:11 Husbandry
33:46 Iron Casting
35:22 Gold Mining
39:22 Imperial Age
39:50 Cavalier
42:20 Plate Barding Armor
44:11 Conscription
51:02 Town Patrol
51:23 Paladin
Jarl
5:12 Loom
15:04 Feudal Age
19:51 Castle Age
17:56 Double-Bit Axe
19:00 Horse Collar
22:36 Wheelbarrow
22:46 Stone Mining
27:34 Gold Mining
28:44 Hand Cart
28:58 Husbandry
30:48 Fletching
32:29 Bow Saw
32:24 Heavy Plow
33:31 Ballistics
34:22 Thumb Ring
37:57 Imperial Age
38:12 Medical Corps
40:01 Two-Man Saw
38:46 Elite Elephant Archer
40:07 Conscription
40:23 Wootz Steel
41:18 Chemistry
41:16 Gambesons
41:31 Squires
41:34 Bodkin Arrow
41:39 Padded Archer Armor
41:46 Scale Barding Armor
41:42 Scale Mail Armor
41:52 Forging
43:05 Murder Holes
43:12 Bracer
43:28 Leather Archer Armor
45:30 Hoardings
47:26 Siege Elephant
48:40 Ring Archer Armor
48:30 Chain Barding Armor
48:11 Scale Mail Armor
48:22 Forging
51:55 Light Cavalry
Phu Thuy
13:42 Feudal Age
14:47 Loom
19:59 Castle Age
17:50 Double-Bit Axe
18:25 Gold Mining
19:32 Fletching
27:37 Bodkin Arrow
37:41 Padded Archer Armor
45:09 Leather Archer Armor
47:54 Wheelbarrow
48:35 Scale Barding Armor
48:12 Horse Collar
49:18 Ballistics
50:03 Chain Barding Armor
49:55 Bloodlines
49:46 Husbandry
49:45 Light Cavalry
55:05 Imperial Age
53:00 Corvinian Army
Tin's
5:40 Loom
12:55 Feudal Age
16:47 Double-Bit Axe
17:38 Horse Collar
21:25 Wheelbarrow
21:47 Gold Mining
25:59 Castle Age
24:36 Bloodlines
26:51 Scale Barding Armor
26:56 Forging
29:51 Chain Barding Armor
30:06 Iron Casting
31:55 Gold Shaft Mining
31:10 Stone Mining
32:39 Heavy Plow
38:42 Hand Cart
41:32 Imperial Age
40:57 Steppe Husbandry
40:32 Capped Ram
41:33 Bow Saw
42:19 Elite Steppe Lancer
42:49 Siege Ram
44:33 Plate Barding Armor
44:58 Blast Furnace
45:23 Cavalier
47:14 Crop Rotation
46:36 Town Watch
48:45 Paladin
52:34 Fletching
52:44 Padded Archer Armor
TomTron
4:25 Loom
6:32 Loom
16:46 Feudal Age
18:09 Town Watch
18:58 Town Watch
23:04 Castle Age
48:39 Wheelbarrow
53:12 Double-Bit Axe
53:14 Horse Collar
Grintoid
13:51 Feudal Age
15:50 Wheelbarrow
16:08 Double-Bit Axe
16:15 Loom
18:31 Castle Age
18:41 Fletching
20:08 Bow Saw
20:44 Hand Cart
20:48 Town Watch
27:16 Horse Collar
27:17 Fishing Lines
28:12 Gillnets
28:27 Heavy Plow
28:21 Gold Mining
30:00 Bodkin Arrow
31:04 Padded Archer Armor
32:10 Medium Warships
32:20 Leather Archer Armor
36:21 Thumb Ring
39:05 Imperial Age
37:17 Ballistics
36:46 Elite Skirmisher
39:13 Imperial Skirmisher
39:55 Bracer
40:56 Chemistry
39:38 Elite Fire Lancer
40:22 Squires
40:07 Arson
40:23 Pikeman
41:53 Ring Archer Armor
41:24 Scale Mail Armor
41:35 Forging
42:44 Heavy Warships
41:47 Halberdier
44:00 Chain Mail Armor
44:53 Two-Man Saw
43:48 Stone Mining
45:33 Siege Engineers
45:39 Masonry
46:58 Coinage
47:49 Plate Mail Armor
47:54 Iron Casting
Telepateu
9:08 Loom
13:19 Feudal Age
13:38 Man-at-Arms
15:11 Arson
17:16 Scale Mail Armor
17:35 Double-Bit Axe
22:22 Horse Collar
28:56 Castle Age
33:16 Heavy Plow
37:05 Bow Saw
38:32 Wheelbarrow
47:06 Hand Cart
48:24 Gold Mining
50:51 Forging
50:57 Chain Mail Armor
51:25 Gold Shaft Mining
50:56 Squires
53:12 Iron Casting
Mongobongo_17
3:30 Loom
13:28 Feudal Age
14:44 Double-Bit Axe
18:53 Castle Age
18:43 Scale Barding Armor
21:29 Fletching
22:38 Gold Mining
24:36 Wheelbarrow
25:54 Bloodlines
25:41 Bodkin Arrow
25:46 Padded Archer Armor
28:18 Leather Archer Armor
28:02 Stone Mining
28:45 Ballistics
30:32 Hand Cart
30:40 Bow Saw
32:20 Husbandry
33:44 Thumb Ring
40:07 Imperial Age
37:59 Forging
38:24 Horse Collar
40:29 Elite Mangudai
41:30 Conscription
43:05 Chemistry
43:42 Drill
44:51 Onager
47:30 Elite Skirmisher
48:40 Imperial Skirmisher
Connection lost

Rejoining the realm…

Still unreachable

The connection could not be restored.

Session expired

The server has moved on; the page needs a fresh start.